 Dungeon Crawl Stone Soup version 0.28-a0-691-gad6df49e81 (webtiles) character file.

Game seed: 10040508493369787616

4331 miscthings the Thaumaturge (level 10, -9/60 HPs)
             Began as a Djinni Conjurer on Oct 21, 2021.
             Was a Believer of Makhleb.
             Mangled by a four-headed hydra (12 damage)
             ... on level 7 of the Dungeon.
             The game lasted 00:14:19 (7787 turns).

miscthings the Thaumaturge (Djinni Conjurer)        Turns: 7787, Time: 00:14:20

Health: -9/60      AC:  9    Str:  6    XL:     10   Next: 59%
Gold:   120        EV: 12    Int: 28    God:    Makhleb [**....] SH:  0 Dex: 13

rFire   + + .      SeeInvis .   F - staff of conjuration
rCold   . . .      Faith    .   (no shield)
rNeg    . . .      Spirit   .   J - +0 steam dragon scales
rPois   ∞          Reflect  .   n - +2 helmet
rElec   .          Harm     .   x - +0 cloak
rCorr   .          Rampage  .   (no gloves)
Will    +....                   (boots unavailable)
Stlth   ++........              (no amulet)
HPRegen 0.20/turn               j - +6 ring of intelligence
MPRegen 0.00/turn               w - ring of protection from cold

@: flying
A: sickness immunity, fire resistance 2, cold vulnerability 1, float, innate
caster, hp casting, extra vitality 1
a: Renounce Religion, Minor Destruction


You were on level 7 of the Dungeon.
You worshipped Makhleb.
Makhleb was pleased with you.
You visited 2 branches of the dungeon, and saw 8 of its levels.
You also visited: Ossuary.

You collected 354 gold pieces.
You spent 234 gold pieces at shops.

Inventory:

Hand Weapons
 A - the +6 scimitar of the Maze {vorpal, *Noise rF+ rC- Will+++}
   (You bought it in a shop on level 5 of the Dungeon)

   It inflicts extra damage upon your enemies.
   rF:        It protects you from fire.
   rC:        It makes you vulnerable to cold.
   *Noise:    It may make noises in combat.
   Will:      It greatly increases your willpower.
Armour
 n - a +2 helmet (worn)
 u - a +2 scale mail of fire resistance
 x - a +0 cloak (worn)
 J - +0 steam dragon scales (worn)
Magical Staves
 f - a staff of fire
 C - a staff of cold
 F - a staff of conjuration (weapon)
Jewellery
 a - a ring of see invisible
 j - a +6 ring of intelligence (left hand)
 p - a ring of willpower
 w - a ring of protection from cold (right hand)
Wands
 l - a wand of flame (53)
 v - a wand of iceblast (32)
Scrolls
 c - 2 scrolls of teleportation {unknown}
 d - a scroll of brand weapon {unknown}
 i - a scroll of enchant weapon {unknown}
 k - a scroll of blinking
 r - 6 scrolls of enchant armour
 y - a scroll of noise {unknown}
 z - a scroll of acquirement {unknown}
 B - a scroll of fear
 E - 2 scrolls of immolation
 G - 2 scrolls of identify {@r1}
 H - a scroll of magic mapping {unknown}
 I - a scroll of fog {unknown}
Potions
 b - a potion of heal wounds
 e - 4 potions of curing {unknown}
 g - 2 potions of ambrosia {unknown}
 h - a potion of brilliance
 m - a potion of haste
 o - a potion of attraction {unknown}
 q - 2 potions of mutation
 s - a potion of cancellation {unknown}
 t - a potion of lignification {unknown}
 D - 3 potions of magic {unknown}


   Skills:
 - Level 2.1 Dodging
 - Level 1.5 Stealth
 + Level 11.8 Spellcasting


You had 10 spell levels left.
You knew the following spells:

 Your Spells              Type           Power      Damage    Failure   Level
a - Searing Ray           Conj           100%       2d8       1%          2
b - Magic Dart            Conj           100%       1d8       1%          1
c - Dazzling Flash        Conj/Hex       100%       N/A       1%          3
d - Fulminant Prism       Conj/Hex       45%        3d21      1%          4
e - Iskenderun's Mystic   Conj/Tloc      90%        2d18      1%          4
f - Animate Skeleton      Necr           100%       N/A       1%          1
g - Blink                 Tloc           N/A        N/A       1%          2
h - Static Discharge      Conj/Air       90%        N/A       1%          2
i - Frozen Ramparts       Ice            100%       1d12      1%          3
Your spell library was empty.

Dungeon Overview and Level Annotations

Branches:
Dungeon (7/15)             Temple (1/1) D:5         Ossuary (visited)

Altars:
Ashenzari
Cheibriados
Dithmenos
Elyvilon
Fedhas
Gozag
Hepliaklqana
Kikubaaqudgha
Makhleb
Nemelex Xobeh
Qazlal
Ru
Sif Muna
Trog
Uskayaw
Vehumet
Wu Jian
Xom
Zin

Shops:
D:5 =(:*


Innate Abilities, Weirdness & Mutations

You are immune to sickness and miasma.
You are immune to poison.
Your flesh is very heat resistant. (rF++)
You are vulnerable to cold. (rC-)
You float through the air rather than walking.
You learn spells naturally, not from books.
Your magical power is your life essence.
You have superior vitality. (+4 HP)


Message History

Press: ? - help, Q - select action, (/) - cycle Dir - move target You feel a surge of power!
You conjure a prism of explosive energy!
The four-headed hydra roars!
A fulminant prism comes into view.
Your fulminant prism crackles loudly.
Your fulminant prism explodes!
The blast of energy engulfs the four-headed hydra!
The four-headed hydra is moderately wounded.
Things that are here:
a steam dragon corpse; a hound corpse
Casting: Fulminant Prism (safe; 1% risk of failure)
Confirm with . or Enter, or press ? or * to list all spells.
You feel a surge of power!
You erupt in a blast of force!
The mystic blast hits the four-headed hydra!
The four-headed hydra is heavily wounded.
The four-headed hydra is knocked back by the mystic blast.
Casting: Iskenderun's Mystic Blast (safe; 1% risk of failure)
Confirm with . or Enter, or press ? or * to list all spells.
Aiming: Searing Ray (safe; 1% risk of failure)
Press: ? - help, Shift-Dir - straight line, f - four-headed hydra
Aim: a four-headed hydra (moderately wounded, 94% to hit)
You feel a surge of power!
The searing ray hits the four-headed hydra!
The four-headed hydra is heavily wounded. (Press . to maintain the ray.)
The searing ray hits the four-headed hydra!
The four-headed hydra is severely wounded.
The searing ray hits the four-headed hydra!
The four-headed hydra is almost dead.
The searing ray hits the four-headed hydra!
The four-headed hydra is almost dead.
You finish channelling your searing ray.
The four-headed hydra bites you!
* * * LOW HITPOINT WARNING * * *
The four-headed hydra bites you!
* * * LOW HITPOINT WARNING * * *
The four-headed hydra barely misses you.
The four-headed hydra bites you!
You die...

... .#.
.#.#.#.
.......
.#.#.#.
.......##
cD..h#..####
#.......#
####)####
♣♣@♣♣
#♣.D.♣#
#[....#
#♣...♣#
♣♣)♣♣ ♣†♣##
♣...#
#♣♣♣♣.#
#.....#


You could see a four-headed hydra.

Vanquished Creatures
  A cyclops (D:7)
  Grinder (D:4)
  A hornet (D:7)
  A shadow (D:7)
  A vampire (D:7)
  A wyvern (D:7)
  A steam dragon (D:7)
  2 black bears
  3 ice beasts
  6 necrophages (D:7)
  2 ogres (D:6)
  2 centaurs (D:7)
  A wyvern zombie (D:7)
  5 bullfrogs
  3 scorpions
  A wight (D:7)
  A howler monkey (D:7)
  2 centaur zombies (D:7)
  2 bullfrog zombies
  5 hounds
  3 orc priests
  Crazy Yiuf (D:4)
  A bullfrog skeleton (D:4)
  A centaur skeleton (D:6)
  Jessica (D:2)
  Ijyb (D:3)
  Natasha (thrice) (D:3)
  5 iguanas
  An orc wizard (D:3)
  A mummy (Ossuary)
  A howler monkey zombie (D:7)
  Robin (D:3)
  A gnoll (D:3)
  A howler monkey skeleton (D:5)
  6 adders
  2 ufetubi (D:4)
  2 worms
  2 dart slugs
  14 orcs
  4 spectral bats (Ossuary)
  6 bats
  5 endoplasms
  6 giant cockroaches
  12 gnoll zombies (Ossuary)
  14 goblins
  8 hobgoblins
  6 jackals (D:2)
  A quokka (D:3)
  6 ball pythons
  2 bat simulacra (Ossuary)
  3 frilled lizards
  2 goblin simulacra (Ossuary)
  3 goblin zombies (Ossuary)
  7 hobgoblin zombies (Ossuary)
  5 kobolds
  3 kobold simulacra (Ossuary)
  4 kobold zombies (Ossuary)
  4 orc zombies (Ossuary)
  2 rats
  3 rat simulacra (Ossuary)
  3 spectral goblins (Ossuary)
  2 spectral kobolds (Ossuary)
  2 spectral rats (Ossuary)
203 creatures vanquished.

Vanquished Creatures (others)
  A water moccasin skeleton (D:7)
  12 fulminant prisms
  39 plants (D:7)
52 creatures vanquished.

Grand Total: 255 creatures vanquished

Notes
Turn   | Place    | Note
-------+----------+-------------------------------------------
     0 | D:1      | miscthings the Djinni Conjurer began the quest for the Orb.
     0 | D:1      | Reached XP level 1. HP: 15/15 MP: 0/0
   355 | D:1      | Found a faded altar of an unknown god.
   493 | D:1      | Reached XP level 2. HP: 19/21 MP: 0/0
  1082 | D:2      | Reached XP level 3. HP: 22/25 MP: 0/0
  1082 | D:2      | Learned a level 1 spell: Animate Skeleton
  1097 | D:2      | Noticed Jessica
  1104 | D:2      | Killed Jessica
  1105 | D:2      | Reached skill level 4 in Spellcasting
  1105 | D:2      | Reached XP level 4. HP: 17/31 MP: 0/0
  1854 | D:3      | Noticed Robin
  2266 | D:3      | Reached XP level 5. HP: 13/35 MP: 0/0
  2266 | D:3      | Learned a level 2 spell: Blink
  2488 | D:3      | Noticed Ijyb
  2500 | D:3      | Killed Ijyb
  2501 | D:3      | Reached skill level 5 in Spellcasting
  3020 | D:3      | Killed Robin
  3021 | D:3      | Reached XP level 6. HP: 22/40 MP: 0/0
  3333 | D:3      | Noticed Natasha
  3335 | D:3      | Killed Natasha
  3353 | D:3      | Found an opulent altar of Gozag.
  3412 | D:3      | Noticed Natasha
  3420 | D:3      | Killed Natasha
  3518 | D:3      | Noticed Natasha
  3523 | D:3      | Killed Natasha
  3623 | D:4      | Noticed an ice beast
  3630 | D:4      | Killed an ice beast
  3631 | D:4      | Reached skill level 6 in Spellcasting
  3631 | D:4      | Reached XP level 7. HP: 38/45 MP: 0/0
  3631 | D:4      | Learned a level 2 spell: Static Discharge
  3856 | D:4      | Noticed Grinder
  3863 | D:4      | Killed Grinder
  3864 | D:4      | Reached skill level 7 in Spellcasting
  3864 | D:4      | Reached XP level 8. HP: 17/50 MP: 0/0
  4154 | D:4      | Found a runed translucent door.
  4155 | D:4      | Noticed Crazy Yiuf
  4192 | D:4      | Killed Crazy Yiuf
  4341 | D:5      | Entered Level 5 of the Dungeon
  4376 | D:5      | Found Jotoof's Jewellery Boutique.
  4395 | D:5      | Found Bottoar's Book Boutique.
  4746 | D:5      | Found Ishiazot's Antique Weapon Boutique.
  4757 | D:5      | Bought a polished scimitar for 189 gold pieces
  4757 | D:5      | Identified the +6 scimitar of the Maze {vorpal, *Noise rF+
                  | rC- Will+++} (You bought it in a shop on level 5 of the
                  | Dungeon)
  4768 | D:5      | Reached skill level 8 in Spellcasting
  4882 | D:5      | Found Cigor's General Store.
  4894 | D:5      | Bought a scroll of fear for 45 gold pieces
  4909 | D:5      | Found a shadowy altar of Dithmenos.
  5025 | D:5      | Found a staircase to the Ecumenical Temple.
  5116 | Temple   | Entered the Ecumenical Temple
  5220 | Temple   | Became a worshipper of Makhleb the Destroyer
  5739 | D:6      | Reached XP level 9. HP: 51/55 MP: 0/0
  5739 | D:6      | Learned a level 3 spell: Frozen Ramparts
  5811 | D:6      | Reached skill level 9 in Spellcasting
  6439 | D:7      | Found a sand-covered staircase.
  6444 | Ossuary  | Entered an ossuary
  6495 | Ossuary  | Reached * piety under Makhleb
  6896 | D:7      | Reached ** piety under Makhleb
  6908 | D:7      | Reached skill level 10 in Spellcasting
  6948 | D:7      | Noticed a hornet
  6957 | D:7      | Killed a hornet
  6969 | D:7      | Reached XP level 10. HP: 20/60 MP: 0/0
  7255 | D:7      | Reached skill level 11 in Spellcasting
  7314 | D:7      | Noticed a cyclops
  7327 | D:7      | Killed a cyclops
  7778 | D:7      | Noticed a four-headed hydra
  7787 | D:7      | HP: 3/60 [four-headed hydra (14)]
  7787 | D:7      | Mangled by a four-headed hydra

Illustrated notes

Levels and vault maps discovered:
D:1:      lightli_arrival_windingriver, layout_basic,
          chequers_ecumenical_altar_twisty
D:2:      layout_loops_ring, uniq_jessica
D:3:      layout_rooms, nicolae_gozag_seed_capital, grunt_decor_clamped,
          minmay_curled_crystal, minmay_joined_circles, uniq_natasha,
          uniq_robin, uniq_ijyb
D:4:      layout_rooms, uniq_grinder, uniq_crazy_yiuf_cottage
D:5:      layout_cave_pods, lemuel_round_altar, minmay_temple_entry_grid,
          serial_shops, kennysheep_little_box,
          nicolae_shop_competitors_out_of_business, nicolae_diamond_shop,
          shop_statue
D:6:      layout_loops_cross
D:7:      nzn_winding_woodlands_large [nzn_winding_woodlands_5x5_three,
          nzn_winding_woodlands_5x15_split_checker,
          nzn_winding_woodlands_5x5_cross,
          nzn_winding_woodlands_center_triple_pond,
          nzn_winding_woodlands_15x15_five_gardens,
          nzn_winding_woodlands_center_lodge, nzn_winding_woodlands_hourglass,
          nzn_winding_woodlands_5x15_sidewinder,
          nzn_winding_woodlands_5x5_open_star], layout_basic, serial_undead,
          serial_undead_d, serial_undead_a, serial_undead_e, serial_undead_d,
          enter_ossuary_2
Temple:   regret_index_temple_chain_breaker

Skill      XL: |  1  2  3  4  5  6  7  8  9 10 |
---------------+-------------------------------+-----
Spellcasting   | 4 5 6 7 8 10 11 | 11.8
Dodging        | |  2.1
Stealth        | |  1.5

Action                   |  1- 3 |  4- 6 |  7- 9 | 10-12 || total
-------------------------+-------+-------+-------+-------++-------
Melee: Unarmed           |     2 |       |       |       ||     2
       Staff             |       |     1 |     3 |       ||     4
 Cast: Magic Dart        |    41 |     9 |       |       ||    50
       Searing Ray       |     5 |    43 |    48 |    16 ||   112
       Fulminant Prism   |       |     1 |     8 |     3 ||    12
       Dazzling Flash    |       |       |     2 |     2 ||     4
       Blink             |       |       |     2 |       ||     2
       Iskenderun's Myst |       |       |    21 |     7 ||    28
  Use: Scroll            |       |     5 |     4 |       ||     9
Armor: Robe              |     2 |     8 |    18 |    22 ||    50
       Steam dragon scal |       |       |       |     1 ||     1
Dodge: Dodged            |    13 |    14 |    28 |    25 ||    80

Table legend: (Time is in decaauts)
 A = Elapsed time spent in this place.
 B = Non-inter-level travel time spent in this place.
 C = Inter-level travel time spent in this place.
 D = Time resting spent in this place.
 E = Time spent auto-exploring this place.
 F = Levels seen in this place.
 G = Mean time per level.
                   A        B        C        D        E       F      G
               +--------+--------+--------+--------+--------+-----+--------+
         Total |   7789 |   7555 |    234 |   2650 |   3652 |   9 |  865.4 |
       Dungeon |   7246 |   7033 |    213 |   2510 |   3444 |   7 | 1035.1 |
        Temple |    124 |    104 |     20 |      0 |     80 |   1 |  124.0 |
       Ossuary |    418 |    418 |      0 |    140 |    128 |   1 |  418.0 |
               +--------+--------+--------+--------+--------+-----+--------+

Top non-repeatable levels by time:
     D:3: 1609 daAuts
     D:7: 1191 daAuts
     D:1: 1074 daAuts
     D:4: 952 daAuts
     D:2: 925 daAuts
     D:5: 875 daAuts
     D:6: 618 daAuts
 Ossuary: 418 daAuts
  Temple: 124 daAuts
